General information
- name: BNet
- type: Ladder team game (AT/RT)
- host: Battle.net
- saver: humankingtomvip
map: FullScaleAssault
- players: 8
- length: 21:28
- speed: Fast
- version: 1.26 W3XP
- replay type: Public
» download(166 KB)
Players
team 1 (loser)

»
TimTheEnchanter (
purple | 51 APM | 1085 actions | 21:26)
3 Archmage
2 Blizzard
1 Brilliance Aura
2 Paladin
1 Holy Light
1 Divine Shield
2 Mountain King
1 Storm Bolt
1 Bash
» actions
| Assign group hotkey | 27 | |
| Basic commands | 60 | |
| Build / train | 85 | |
| Enter build submenu | 34 | |
| Enter hero's abilities submenu | 7 | |
| Give item / drop item | 3 | |
| Right click | 185 | |
| Select / deselect | 187 | |
| Select group hotkey | 383 | |
| Use ability | 114 | |
1085 total
» units
» upgrades
| Gunpowder | 3 | |
| Plating | 3 | |
| Lumber Harvesting | 2 | |
| Barrage | 1 | |
| Masonry | 2 | |
11 total
» buildings
| Altar of Kings | 1 | |
| Farm | 14 | |
| Lumber Mill | 1 | |
| Arcane Vault | 1 | |
| Town Hall | 2 | |
| Scout Tower | 8 | |
| Arcane Tower | 3 | |
| Guard Tower | 5 | |
| Keep | 1 | |
| Blacksmith | 1 | |
| Castle | 1 | |
| Workshop | 11 | |
49 total
» build order
00:20 Altar of Kings
00:35 Farm
00:36 Farm
00:37 Farm
00:49 Lumber Mill
01:04 Arcane Vault
03:28 Town Hall
04:05 Scout Tower
04:15 Scout Tower
04:31 Arcane Tower
04:46 Arcane Tower
05:00 Scout Tower
05:05 Scout Tower
05:13 Scout Tower
05:17 Scout Tower
05:31 Guard Tower
05:32 Guard Tower
05:44 Guard Tower
05:45 Guard Tower
06:14 Keep
06:21 Blacksmith
06:26 Farm
06:27 Farm
06:29 Farm
06:30 Farm
06:30 Farm
06:32 Farm
06:32 Farm
08:07 Farm
08:08 Farm
08:08 Farm
08:09 Farm
08:37 Castle
08:41 Workshop
08:41 Workshop
08:43 Workshop
08:44 Workshop
08:45 Workshop
08:45 Workshop
08:53 Workshop
08:54 Workshop
09:06 Workshop
09:45 Workshop
10:10 Workshop
15:48 Scout Tower
15:49 Scout Tower
16:20 Arcane Tower
16:21 Guard Tower
21:09 Town Hall
» items
| Scroll of Regeneration | 3 | |
| Lesser Clarity Potion | 2 | |
| Mechanical Critter | 2 | |
| Boots of Speed | 1 | |
| Staff of Teleportation | 1 | |
| Potion of Invisibility | 3 | |
| Scroll of Town Portal | 2 | |
| Potion of Lesser Invulnerability | 2 | |
| Orb of Fire | 2 | |
| Staff of Sanctuary | 2 | |
20 total
Heros_Killer (
yellow | 98 APM | 2075 actions | 21:12)
4 Far Seer
2 Feral Spirit
2 Chain Lighting
3 Shadow Hunter
2 Hex
1 Healing Wave
» actions
| Assign group hotkey | 34 | |
| Basic commands | 316 | |
| Build / train | 68 | |
| ESC pressed | 1 | |
| Enter build submenu | 30 | |
| Enter hero's abilities submenu | 7 | |
| Give item / drop item | 12 | |
| Right click | 450 | |
| Select / deselect | 329 | |
| Select group hotkey | 732 | |
| Use ability | 96 | |
2075 total
» units
| Peon | 16 | |
| Grunt | 7 | |
| Raider | 4 | |
| Shaman | 3 | |
| Troll Batrider | 2 | |
| Tauren | 1 | |
| Troll Witch Doctor | 1 | |
34 total
» upgrades
| Ensnare | 1 | |
| Berserker Strength | 1 | |
| Melee Weapons | 1 | |
| Armor | 1 | |
| Shaman Training | 2 | |
| Witch Doctor Training | 2 | |
| Spiked Barricades | 1 | |
9 total
» buildings
| Altar of Storms | 1 | |
| Orc Burrow | 6 | |
| Barracks | 1 | |
| Voodoo Lounge | 1 | |
| Stronghold | 1 | |
| War Mill | 1 | |
| Beastiary | 2 | |
| Great Hall | 1 | |
| Watch Tower | 10 | |
| Fortress | 1 | |
| Spirit Lodge | 2 | |
| Tauren Totem | 2 | |
| Town Hall | 1 | |
30 total
» build order
00:07 Altar of Storms
00:20 Orc Burrow
00:35 Barracks
01:33 Orc Burrow
01:59 Voodoo Lounge
02:54 Stronghold
03:44 Orc Burrow
05:07 War Mill
05:32 Beastiary
06:47 Orc Burrow
07:23 Great Hall
09:26 Watch Tower
09:28 Watch Tower
09:41 Fortress
09:45 Orc Burrow
10:26 Watch Tower
11:36 Watch Tower
11:48 Spirit Lodge
11:51 Spirit Lodge
12:55 Watch Tower
12:56 Watch Tower
12:59 Watch Tower
13:51 Tauren Totem
15:12 Orc Burrow
16:18 Tauren Totem
16:50 Watch Tower
16:52 Watch Tower
17:56 Beastiary
18:30 Watch Tower
18:57 Town Hall
» items
| Lesser Clarity Potion | 5 | |
| Healing Salve | 2 | |
| Scroll of Speed | 1 | |
| Potion of Mana | 1 | |
| Potion of Lesser Invulnerability | 1 | |
| Scroll of Protection | 1 | |
| Scroll of Healing | 1 | |
| Scroll of Town Portal | 1 | |
| Orb of Lightning | 1 | |
14 total

»
OgVeNgEaNcE (
red | 26 APM | 540 actions | 21:08)
5 Archmage
3 Blizzard
2 Summon Water Elemental
» actions
| Build / train | 46 | |
| Enter build submenu | 22 | |
| Enter hero's abilities submenu | 5 | |
| Give item / drop item | 2 | |
| Right click | 193 | |
| Select / deselect | 225 | |
| Use ability | 47 | |
540 total
» units
| Peasant | 7 | |
| Footman | 6 | |
| Gryphon Rider | 8 | |
| Dragonhawk Rider | 5 | |
26 total
» upgrades
| Lumber Harvesting | 2 | |
| Swords | 3 | |
| Storm Hammers | 1 | |
| Plating | 2 | |
| Cloud | 1 | |
9 total
» buildings
| Altar of Kings | 1 | |
| Farm | 13 | |
| Barracks | 1 | |
| Scout Tower | 1 | |
| Lumber Mill | 1 | |
| Keep | 1 | |
| Blacksmith | 1 | |
| Arcane Tower | 1 | |
| Arcane Vault | 1 | |
| Castle | 1 | |
| Gryphon Aviary | 2 | |
24 total
» build order
00:42 Altar of Kings
00:51 Farm
01:03 Barracks
01:32 Farm
01:48 Scout Tower
02:10 Lumber Mill
02:33 Keep
02:46 Farm
03:34 Blacksmith
04:28 Arcane Tower
04:36 Farm
04:55 Arcane Vault
05:02 Castle
06:06 Gryphon Aviary
06:11 Gryphon Aviary
09:00 Farm
09:02 Farm
10:37 Farm
10:44 Farm
11:22 Farm
11:24 Farm
16:17 Farm
16:21 Farm
17:10 Farm
» items
| Potion of Healing | 1 | |
| Potion of Mana | 1 | |
2 total
yentup12 (
teal | 29 APM | 542 actions | 18:31)
4 Archmage
2 Blizzard
1 Brilliance Aura
1 Summon Water Elemental
» actions
| Basic commands | 15 | |
| Build / train | 69 | |
| ESC pressed | 2 | |
| Enter build submenu | 45 | |
| Enter hero's abilities submenu | 4 | |
| Give item / drop item | 2 | |
| Right click | 105 | |
| Select / deselect | 233 | |
| Use ability | 67 | |
542 total
» units
| Peasant | 20 | |
| Gryphon Rider | 3 | |
| Goblin Zeppelin | 1 | |
| Dragonhawk Rider | 2 | |
26 total
» upgrades
| Masonry | 3 | |
| Swords | 3 | |
| Armor | 3 | |
| Lumber Harvesting | 2 | |
| Storm Hammers | 1 | |
| Backpack | 1 | |
| Cloud | 1 | |
| Gunpowder | 1 | |
| Plating | 1 | |
| Sorceress Training | 1 | |
| Priest Training | 1 | |
18 total
» buildings
| Altar of Kings | 1 | |
| Farm | 13 | |
| Lumber Mill | 1 | |
| Scout Tower | 17 | |
| Guard Tower | 15 | |
| Arcane Vault | 1 | |
| Keep | 1 | |
| Blacksmith | 1 | |
| Town Hall | 2 | |
| Castle | 1 | |
| Gryphon Aviary | 3 | |
| Arcane Sanctum | 2 | |
| Workshop | 2 | |
60 total
» build order
00:03 Altar of Kings
00:04 Farm
00:41 Farm
00:57 Lumber Mill
02:12 Scout Tower
02:13 Scout Tower
02:53 Guard Tower
02:54 Scout Tower
02:55 Scout Tower
03:21 Guard Tower
03:23 Arcane Vault
03:24 Guard Tower
03:26 Scout Tower
03:40 Keep
03:53 Guard Tower
03:56 Scout Tower
04:08 Blacksmith
04:27 Guard Tower
04:28 Scout Tower
04:31 Scout Tower
04:57 Guard Tower
04:58 Scout Tower
05:00 Guard Tower
05:01 Scout Tower
05:26 Guard Tower
05:29 Scout Tower
05:29 Guard Tower
05:34 Scout Tower
06:21 Guard Tower
06:26 Town Hall
06:30 Castle
08:26 Gryphon Aviary
08:27 Gryphon Aviary
08:30 Gryphon Aviary
09:45 Farm
10:29 Scout Tower
10:32 Farm
11:13 Guard Tower
11:14 Scout Tower
11:16 Farm
12:01 Farm
12:05 Guard Tower
12:06 Scout Tower
12:36 Guard Tower
12:37 Scout Tower
12:51 Farm
13:05 Guard Tower
13:07 Farm
13:31 Farm
13:42 Scout Tower
14:17 Farm
14:19 Guard Tower
14:21 Farm
15:31 Town Hall
15:38 Farm
16:40 Farm
17:10 Arcane Sanctum
17:13 Workshop
17:17 Workshop
17:19 Arcane Sanctum
» items
| Staff of Teleportation | 1 | |
| Potion of Healing | 1 | |
| Scroll of Regeneration | 1 | |
3 total
team 2 (winner)
Dota.Lol (
pink | 97 APM | 2086 actions | 21:27)
5 Archmage
3 Summon Water Elemental
1 Brilliance Aura
1 Blizzard
1 Blood Mage
1 Flame Strike
» actions
| Assign group hotkey | 13 | |
| Basic commands | 167 | |
| Build / train | 88 | |
| Enter build submenu | 21 | |
| Enter hero's abilities submenu | 6 | |
| Give item / drop item | 3 | |
| Right click | 914 | |
| Select / deselect | 405 | |
| Select group hotkey | 353 | |
| Use ability | 116 | |
2086 total
» units
| Peasant | 22 | |
| Footman | 5 | |
| Goblin Zeppelin | 1 | |
| Siege Engine | 4 | |
| Mortar Team | 5 | |
| Flying Machine | 4 | |
41 total
» upgrades
| Masonry | 1 | |
| Lumber Harvesting | 2 | |
| Gunpowder | 3 | |
| Plating | 3 | |
| Barrage | 1 | |
| Fragmentation Shards | 1 | |
| Armor | 1 | |
| Flare | 1 | |
| Flak Cannons | 1 | |
14 total
» buildings
| Farm | 12 | |
| Altar of Kings | 1 | |
| Barracks | 1 | |
| Scout Tower | 15 | |
| Lumber Mill | 1 | |
| Arcane Tower | 1 | |
| Arcane Vault | 1 | |
| Town Hall | 2 | |
| Guard Tower | 10 | |
| Keep | 1 | |
| Blacksmith | 1 | |
| Workshop | 3 | |
| Castle | 1 | |
50 total
» build order
00:06 Farm
00:08 Altar of Kings
00:46 Barracks
01:11 Farm
01:25 Scout Tower
01:41 Lumber Mill
02:06 Farm
02:16 Arcane Tower
02:42 Farm
03:20 Arcane Vault
04:13 Town Hall
04:16 Scout Tower
04:17 Scout Tower
04:18 Scout Tower
04:19 Scout Tower
05:12 Guard Tower
05:24 Guard Tower
05:33 Farm
05:36 Farm
06:07 Keep
06:26 Farm
06:27 Farm
06:27 Farm
06:29 Blacksmith
07:42 Scout Tower
07:42 Scout Tower
07:43 Scout Tower
08:14 Guard Tower
08:42 Workshop
08:43 Workshop
08:43 Workshop
08:45 Castle
08:58 Guard Tower
11:48 Town Hall
13:31 Scout Tower
13:31 Scout Tower
13:31 Scout Tower
13:32 Scout Tower
13:33 Scout Tower
13:34 Scout Tower
13:35 Scout Tower
14:09 Guard Tower
14:09 Guard Tower
15:04 Guard Tower
15:04 Guard Tower
17:05 Farm
17:05 Farm
17:09 Farm
18:26 Guard Tower
18:26 Guard Tower
» items
| Scroll of Regeneration | 3 | |
| Boots of Speed | 2 | |
| Healing Salve | 1 | |
| Scroll of Town Portal | 1 | |
| Potion of Healing | 1 | |
| Potion of Mana | 1 | |
| Periapt of Vitality | 1 | |
| Circlet of Nobility | 1 | |
| Staff of Teleportation | 1 | |
12 total

»
PieceOfMeat (
orange | 49 APM | 1041 actions | 21:27)
5 Blademaster
3 Wind Walk
2 Critical Strike
5 Shadow Hunter
3 Healing Wave
2 Serpent Ward
2 Tauren Chieftain
1 War Stomp
1 Endurance Aura
» actions
| Assign group hotkey | 34 | |
| Basic commands | 38 | |
| Build / train | 69 | |
| Enter build submenu | 17 | |
| Enter hero's abilities submenu | 13 | |
| Give item / drop item | 3 | |
| Remove unit from queue | 2 | |
| Right click | 279 | |
| Select / deselect | 275 | |
| Select group hotkey | 236 | |
| Use ability | 75 | |
1041 total
» units
| Peon | 9 | |
| Grunt | 3 | |
| Shaman | 5 | |
| Tauren | 5 | |
| Spirit Walker | 3 | |
| Troll Witch Doctor | 3 | |
| Goblin Zeppelin | 1 | |
29 total
» upgrades
| Armor | 2 | |
| Berserker Strength | 1 | |
| Melee Weapons | 3 | |
| Shaman Training | 2 | |
| Spirit Walker Training | 2 | |
| Witch Doctor Training | 2 | |
| Reinforced Defenses | 1 | |
| Pulverize | 1 | |
| Pillage | 1 | |
15 total
» buildings
| Altar of Storms | 1 | |
| Orc Burrow | 8 | |
| Barracks | 1 | |
| Voodoo Lounge | 1 | |
| Stronghold | 1 | |
| War Mill | 1 | |
| Fortress | 1 | |
| Spirit Lodge | 2 | |
| Tauren Totem | 2 | |
18 total
» build order
00:08 Altar of Storms
00:11 Orc Burrow
01:17 Barracks
01:37 Orc Burrow
01:56 Voodoo Lounge
03:10 Stronghold
03:30 Orc Burrow
03:38 Orc Burrow
03:48 War Mill
05:32 Fortress
05:38 Spirit Lodge
06:33 Orc Burrow
07:11 Spirit Lodge
08:42 Tauren Totem
08:48 Tauren Totem
08:52 Orc Burrow
08:52 Orc Burrow
10:53 Orc Burrow
» items
| Healing Salve | 2 | |
| Lesser Clarity Potion | 1 | |
| Orb of Lightning | 2 | |
5 total
humankingtomvip (
blue | 67 APM | 1432 actions | 21:28)
6 Goblin Alchemist
3 Acid Bomb
2 Chemical Rage
1 Transmute
» actions
| Assign group hotkey | 62 | |
| Basic commands | 31 | |
| Build / train | 101 | |
| ESC pressed | 6 | |
| Enter build submenu | 42 | |
| Enter hero's abilities submenu | 6 | |
| Give item / drop item | 11 | |
| Right click | 453 | |
| Select / deselect | 235 | |
| Select group hotkey | 260 | |
| Use ability | 225 | |
1432 total
» units
| Peasant | 32 | |
| Goblin Shredder | 3 | |
| Goblin Zeppelin | 2 | |
| Blue Dragon | 2 | |
39 total
» upgrades
| Masonry | 3 | |
| Magic Sentry | 1 | |
| Gunpowder | 1 | |
5 total
» buildings
| Altar of Kings | 1 | |
| Farm | 8 | |
| Lumber Mill | 1 | |
| Town Hall | 1 | |
| Scout Tower | 141 | |
| Arcane Tower | 4 | |
| Guard Tower | 36 | |
| Keep | 1 | |
| Castle | 1 | |
| Arcane Sanctum | 1 | |
| Blacksmith | 2 | |
| Workshop | 4 | |
| Arcane Vault | 1 | |
202 total
» build order
00:22 Altar of Kings
00:35 Farm
01:04 Farm
01:32 Lumber Mill
01:34 Farm
03:42 Town Hall
03:49 Scout Tower
03:50 Scout Tower
03:50 Scout Tower
03:51 Scout Tower
03:52 Scout Tower
04:39 Arcane Tower
04:40 Guard Tower
05:18 Guard Tower
05:21 Scout Tower
05:22 Scout Tower
05:52 Guard Tower
05:53 Scout Tower
05:54 Scout Tower
05:57 Scout Tower
05:57 Scout Tower
06:14 Keep
06:16 Scout Tower
06:16 Scout Tower
06:18 Scout Tower
06:18 Scout Tower
06:23 Scout Tower
06:30 Scout Tower
06:31 Scout Tower
06:31 Scout Tower
06:32 Scout Tower
06:37 Arcane Tower
06:38 Guard Tower
07:07 Guard Tower
07:09 Scout Tower
07:09 Scout Tower
07:10 Scout Tower
07:10 Scout Tower
07:36 Scout Tower
07:36 Scout Tower
07:44 Arcane Tower
07:45 Guard Tower
07:47 Scout Tower
07:47 Scout Tower
07:48 Scout Tower
07:48 Scout Tower
07:49 Scout Tower
07:49 Scout Tower
08:08 Guard Tower
08:10 Scout Tower
08:11 Scout Tower
08:11 Scout Tower
08:11 Scout Tower
08:20 Farm
08:29 Guard Tower
08:30 Arcane Tower
08:58 Guard Tower
08:58 Castle
09:54 Guard Tower
10:02 Guard Tower
10:03 Scout Tower
10:03 Scout Tower
10:03 Scout Tower
10:03 Scout Tower
10:14 Scout Tower
10:14 Scout Tower
10:14 Scout Tower
10:15 Scout Tower
10:38 Guard Tower
10:43 Arcane Sanctum
10:49 Guard Tower
10:50 Guard Tower
11:30 Guard Tower
11:32 Scout Tower
11:32 Scout Tower
11:32 Scout Tower
11:32 Scout Tower
11:33 Scout Tower
11:34 Scout Tower
11:34 Scout Tower
11:39 Guard Tower
11:40 Scout Tower
11:40 Scout Tower
11:40 Scout Tower
11:40 Scout Tower
11:41 Scout Tower
11:41 Scout Tower
11:42 Scout Tower
11:42 Scout Tower
12:07 Guard Tower
12:52 Guard Tower
12:59 Guard Tower
13:02 Scout Tower
13:02 Scout Tower
13:02 Scout Tower
13:03 Scout Tower
13:03 Scout Tower
13:04 Scout Tower
13:04 Scout Tower
13:04 Scout Tower
13:05 Scout Tower
13:12 Guard Tower
13:39 Scout Tower
13:39 Scout Tower
13:40 Scout Tower
13:40 Scout Tower
13:40 Scout Tower
13:41 Scout Tower
13:42 Scout Tower
13:42 Scout Tower
13:43 Scout Tower
13:43 Scout Tower
13:43 Scout Tower
13:44 Scout Tower
14:00 Scout Tower
14:01 Scout Tower
14:01 Scout Tower
14:01 Scout Tower
14:02 Scout Tower
14:03 Scout Tower
14:03 Scout Tower
14:16 Guard Tower
14:32 Guard Tower
15:08 Scout Tower
15:08 Scout Tower
15:08 Scout Tower
15:09 Scout Tower
15:09 Scout Tower
15:10 Scout Tower
15:10 Scout Tower
15:10 Scout Tower
15:10 Scout Tower
15:16 Guard Tower
15:18 Guard Tower
15:19 Guard Tower
15:52 Guard Tower
16:11 Blacksmith
16:16 Blacksmith
16:18 Guard Tower
16:19 Guard Tower
16:58 Guard Tower
17:01 Guard Tower
17:49 Guard Tower
17:52 Workshop
17:55 Workshop
17:56 Farm
17:56 Farm
17:56 Farm
18:30 Scout Tower
18:31 Scout Tower
18:57 Scout Tower
18:57 Scout Tower
18:57 Scout Tower
18:58 Scout Tower
18:58 Scout Tower
18:58 Scout Tower
18:59 Scout Tower
18:59 Scout Tower
18:59 Scout Tower
18:59 Scout Tower
19:00 Scout Tower
19:00 Scout Tower
19:00 Scout Tower
19:01 Scout Tower
19:01 Scout Tower
19:01 Scout Tower
19:02 Scout Tower
20:00 Guard Tower
20:02 Guard Tower
20:05 Guard Tower
20:26 Arcane Vault
20:49 Guard Tower
20:52 Workshop
20:52 Workshop
» items
| Boots of Speed | 1 | |
| Staff of Teleportation | 1 | |
| Lesser Clarity Potion | 2 | |
| Healing Salve | 2 | |
| Orb of Lightning | 1 | |
| Tiny Great Hall | 1 | |
8 total

»
r0yal (
green | 57 APM | 1229 actions | 21:27)
2 Blademaster
1 Wind Walk
1 Critical Strike
» actions
| Assign group hotkey | 49 | |
| Basic commands | 208 | |
| Build / train | 53 | |
| Enter build submenu | 25 | |
| Enter hero's abilities submenu | 2 | |
| Right click | 561 | |
| Select / deselect | 134 | |
| Select group hotkey | 166 | |
| Use ability | 31 | |
1229 total
» units
| Peon | 18 | |
| Wind Rider | 16 | |
| Troll Batrider | 4 | |
38 total
» upgrades
| Ranged Weapons | 3 | |
| Armor | 2 | |
| Envenomed Spears | 1 | |
6 total
» buildings
| Altar of Storms | 1 | |
| Orc Burrow | 8 | |
| Voodoo Lounge | 1 | |
| War Mill | 1 | |
| Stronghold | 1 | |
| Watch Tower | 5 | |
| Beastiary | 2 | |
| Fortress | 1 | |
| Great Hall | 1 | |
21 total
» build order
00:08 Altar of Storms
00:12 Orc Burrow
00:22 Voodoo Lounge
01:40 Orc Burrow
02:40 War Mill
04:08 Stronghold
04:48 Watch Tower
04:52 Orc Burrow
06:36 Beastiary
06:41 Beastiary
06:51 Watch Tower
08:17 Fortress
09:32 Great Hall
09:54 Watch Tower
09:57 Watch Tower
11:10 Orc Burrow
11:33 Watch Tower
12:20 Orc Burrow
14:07 Orc Burrow
15:52 Orc Burrow
15:55 Orc Burrow
» items
| Healing Salve | 1 | |
| Lesser Clarity Potion | 2 | |
| Scroll of Speed | 1 | |
4 total
Chat log
(00:18 / Allies) Dota.Lol: ill tank AA
(00:27 / Allies) PieceOfMeat: melee
(02:58 / All) humankingtomvip: soon the wolf will howl
(03:08 / All) yentup12: so will the fat lady
(07:15 / Allies) Dota.Lol: only a fuckin hero
(07:19 / Allies) Dota.Lol: or 2
(07:27 / All) humankingtomvip: what is this at vs rt
(07:27 / All) humankingtomvip: fuk
(07:29 / Allies) Dota.Lol: what u getin blue
(07:54 / Allies) humankingtomvip: u need expo orc
(08:04 / Allies) r0yal: yes
(08:25 / Allies) Dota.Lol: blue unitS?
(08:50 / Allies) Dota.Lol: blue what units?
(09:04 / Allies) Dota.Lol: why u ignore me
(09:14 / Allies) humankingtomvip: i must be blue
(09:23 / Allies) humankingtomvip: noone ever gets this obsessed over anyone but me
(09:29 / Allies) Dota.Lol: uh
(09:56 / All) yentup12: LOL
(10:03 / All) yentup12: my base bitch
(10:12 / Allies) Dota.Lol: they did same shit
(10:53 / Allies) r0yal: lumber anyone
(11:01 / Allies) Dota.Lol: same
(11:14 / Allies) r0yal: blue
(11:15 / Allies) r0yal: ?
(11:24 / Allies) humankingtomvip: mind ur damn miners
(11:26 / Allies) humankingtomvip: all 8 of htem
(13:04 / Allies) Dota.Lol: we must hit soon
(14:12 / Allies) Dota.Lol: mid?
(14:12 / Allies) humankingtomvip: help here
(14:36 / Allies) Dota.Lol: tanks
(14:55 / Allies) Dota.Lol: tanks coming
(16:13 / Allies) Dota.Lol: lets counter
(16:14 / Allies) Dota.Lol: got siege
(16:15 / Allies) r0yal: purple top
(16:25 / Allies) Dota.Lol: gogogog
(16:32 / Allies) humankingtomvip: creep mid fast
(16:33 / Allies) Dota.Lol: no
(16:33 / Allies) Dota.Lol: counter
(16:34 / Allies) humankingtomvip: then go top
(16:35 / Allies) humankingtomvip: NOT bottom
(16:39 / Allies) humankingtomvip: you ididot they have 5000 towers there
(16:41 / Allies) humankingtomvip: are you that gay?
(16:41 / Allies) Dota.Lol: we can crack botom
(16:44 / Allies) humankingtomvip: hti whrer twhere are NO towers
(16:46 / Allies) Dota.Lol: i got enoguht siege
(16:49 / All) OgVeNgEaNcE: lol rly blue u faggot
(16:50 / Allies) humankingtomvip: on your head
(16:51 / Allies) humankingtomvip: and rape you
(17:12 / Allies) Dota.Lol: go mid then
(18:15 / Allies) Dota.Lol: go
(18:31 / Allies) Dota.Lol: they got mass gryps
(19:15 / Allies) humankingtomvip: hea lrards
(19:17 / Allies) humankingtomvip: gtanks out front
(19:20 / Allies) Dota.Lol: HIT
(19:22 / Allies) Dota.Lol: GREEN HELP US
(19:54 / Allies) humankingtomvip: dotn fight tanks with air
(20:12 / Allies) r0yal: whos is melee
(20:20 / Allies) Dota.Lol: oj
(20:31 / Allies) humankingtomvip: dotn figh tanks with bats
(21:05 / Allies) humankingtomvip: they will give up
(21:10 / Allies) humankingtomvip: i knew it
(21:16 / All) Dota.Lol: GG
(21:20 / All) TimTheEnchanter: mother fuckin noob team
(21:24 / All) TimTheEnchanter: never wants to attack